 Dungeon Crawl Stone Soup version 0.28.0-43-g3370ac3207 (webtiles) character file.

Game seed: 8223382519419145436

4960 pkoi the Martial Artist (level 10, -6/83 HPs)
             Began as a Yellow Draconian Monk on Mar 11, 2022.
             Was an Elder of Cheibriados.
             Mangled by an orc warrior
             ... wielding a +0 glaive
              (10 damage)
             ... on level 9 of the Dungeon.
             The game lasted 00:11:52 (10408 turns).

pkoi the Martial Artist (Yellow Draconian Monk)    Turns: 10408, Time: 00:11:53

Health: -6/83      AC: 10    Str: 28    XL:     10   Next: 28%
Magic:  16/16      EV: 16    Int: 24    God:    Cheibriados [****..]
Gold:   432        SH:  0    Dex: 23    Spells: 9/9 levels left

rFire   . . .      SeeInvis .     - Unarmed
rCold   . . .      Faith    .   (no shield)
rNeg    . . .      Spirit   .   (armour unavailable)
rPois   .          Reflect  .   (helmet restricted)
rElec   .          Harm     .   o - +0 cloak
rCorr   +          Rampage  .   a - +1 pair of gloves
Will    .....                   (no boots)
Stlth   ++........              (no amulet)
HPRegen 0.23/turn               h - +6 ring of strength
MPRegen 0.15/turn               (no ring)

@: very slow
A: spit acid, AC +7, unfitting armour, cold-blooded, acid resistance
a: Breathe Acid, Renounce Religion, Bend Time, Temporal Distortion, Slouch


You were on level 9 of the Dungeon.
You worshipped Cheibriados.
Cheibriados was greatly pleased with you.
You visited 2 branches of the dungeon, and saw 10 of its levels.

You collected 432 gold pieces.

Inventory:

Hand Weapons
 b - a +1 vampiric dagger
 j - a +4 whip
 p - a +1 whip of electrocution
Missiles
 r - 26 poisoned darts (quivered)
Armour
 a - a +1 pair of gloves (worn)
 o - a +0 cloak (worn)
Jewellery
 h - a +6 ring of strength (left hand)
Wands
 g - a wand of polymorph (14)
 m - a wand of digging (6)
 s - a wand of mindburst (1)
 w - a wand of flame (24)
 y - a wand of paralysis (22)
Scrolls
 i - 4 scrolls of amnesia
 l - a scroll of silence
 n - a scroll of fog
 u - a scroll of magic mapping
 v - a scroll of teleportation
 x - a scroll of identify
Potions
 c - 3 potions of ambrosia {unknown}
 d - a potion of cancellation {unknown}
 e - a potion of brilliance
 f - a potion of lignification
 k - a potion of might
 q - 2 potions of attraction {unknown}
 t - a potion of curing {unknown}


   Skills:
 - Level 6.0 Fighting
 - Level 6.0 Dodging
 - Level 1.7 Stealth
 + Level 10.8 Unarmed Combat
 + Level 8.4 Invocations
 - Level 3.0 Evocations


You had 9 spell levels left.
You didn't know any spells.
Your spell library contained the following spells:

 Spells                   Type           Power      Damage    Failure   Level
 Iskenderun's Battlesphe  Conj           0%         2d6       99%         5
 Iron Shot                Conj/Erth      0%         9d1       100%        6
 Spellforged Servitor     Conj/Summ      0%         N/A       100%        7


Dungeon Overview and Level Annotations

Branches:
Dungeon (9/15)             Temple (1/1) D:4            Lair (0/6) D:8
    Orc (0/2) D:9

Altars:
Ashenzari
Cheibriados
Dithmenos
Elyvilon
Fedhas
Gozag
Hepliaklqana
Kikubaaqudgha
Makhleb
Nemelex Xobeh
Okawaru
Ru
Sif Muna
Trog
Uskayaw
Vehumet
Wu Jian
Xom
Yredelemnul
Zin
The Shining One

Annotations:
D:6 2 transporters, PerfectTommy's ghost, novice PaBe


Innate Abilities, Weirdness & Mutations

You can spit globs of acid.
Your golden yellow scales are hard. (AC +7)
You cannot fit into any form of body armour.
You are cold-blooded and may be slowed by cold attacks.
You are resistant to acid. (rCorr)


Message History

You are too injured to fight recklessly!
You are too injured to fight recklessly!
Unknown command.
Two slime creatures merge to form a large slime creature.
The orc warrior hits you from afar with a +0 glaive!
* * * LOW HITPOINT WARNING * * *
A large slime creature splits.
Two slime creatures merge to form a large slime creature.
You are too injured to fight recklessly!
You hit the large slime creature. You tail-slap the large slime creature.
You punch the large slime creature!
The large slime creature is lightly wounded.
The orc warrior hits you from afar with a +0 glaive!
* * * LOW HITPOINT WARNING * * *
You punch the large slime creature!
The large slime creature is moderately wounded.
The orc warrior closely misses you.
You punch the large slime creature! You tail-slap the large slime creature.
The large slime creature is moderately wounded.
The large slime creature barely misses you.
You hit the large slime creature.
The large slime creature is heavily wounded.
The orc warrior barely misses you.
The large slime creature hits you but does no damage.
An orc comes into view. It is wielding a +2 dagger of draining.
The orc shouts!
You hit the large slime creature but do no damage.
You tail-slap the large slime creature.
Your punch misses the large slime creature.
The large slime creature is heavily wounded.
The slime creature jiggles.
The orc warrior hits you from afar with a +0 glaive!!
* * * LOW HITPOINT WARNING * * *
The large slime creature hits you!!
* * * LOW HITPOINT WARNING * * *
You hit the large slime creature but do no damage.
You tail-slap the large slime creature, but do no damage.
The large slime creature is heavily wounded.
The orc warrior hits you from afar with a +0 glaive!
You die...

#..().)......#
#.........>..#
#########.#### #..†.....#
##'########## ####+##
#..†........# .......
###...........#
.......####.'...).......#
..J....#oJ@(#...........#
......Joo####...........#
....o.?### #...........#
...>... #...........#
##'#### #########+### #


You could see a large slime creature, a slime creature, 2 orc warriors and 2
orcs.

Vanquished Creatures
  A boulder beetle (D:8)
  Pikel (D:8)
  Grinder (D:6)
  Eustachio (D:4)
  3 yaks (D:8)
  A steam dragon (D:7)
  Duvessa (D:4)
  A water moccasin (D:7)
  A black bear (D:6)
  2 ice beasts
  An orc warrior (D:8)
  A necrophage (D:6)
  A centaur (D:5)
  4 lemures
  A phantom (D:5)
  2 kobold brigands
  Blork the orc (D:5)
  A bullfrog (D:6)
  A water moccasin zombie (D:5)
  2 scorpions
  A water moccasin skeleton (D:6)
  Dowan (D:4)
  3 killer bees (D:9)
  4 wights
  A howler monkey (D:8)
  5 centaur zombies
  A bullfrog zombie (D:5)
  4 hounds
  4 orc priests
  A centaur skeleton (D:5)
  2 iguanas
  Jessica (D:3)
  A gnoll shaman (D:8)
  Terence (D:2)
  2 orc wizards
  3 killer bee zombies
  A howler monkey zombie (D:8)
  5 gnolls (D:8)
  A howler monkey skeleton (D:7)
  11 adders
  3 shadow imps
  An ufetubus (D:4)
  2 adder skeletons (D:4)
  3 worms
  3 dart slugs
  16 orcs
  6 ball pythons
  4 bats
  5 endoplasms
  3 giant cockroaches
  6 goblins
  7 hobgoblins
  13 jackals (D:2)
  15 kobolds
  3 quokkas
  7 frilled lizards
  5 rats
183 creatures vanquished.

Vanquished Creatures (others)
  4 fungi (D:8)
  8 plants
12 creatures vanquished.

Grand Total: 195 creatures vanquished

Notes
Turn   | Place    | Note
-------+----------+-------------------------------------------
     0 | D:1      | pkoi the Draconian Monk began the quest for the Orb.
     0 | D:1      | Reached XP level 1. HP: 19/19 MP: 1/1
   213 | D:1      | Reached XP level 2. HP: 26/26 MP: 2/2
   530 | D:1      | Found a faded altar of an unknown god.
   550 | D:1      | Reached skill level 4 in Unarmed Combat
   964 | D:2      | Reached XP level 3. HP: 22/31 MP: 3/3
  1639 | D:2      | Reached XP level 4. HP: 38/38 MP: 4/4
  1652 | D:2      | Noticed Terence
  1670 | D:2      | Killed Terence
  1671 | D:2      | Reached skill level 5 in Unarmed Combat
  2222 | D:2      | Reached XP level 5. HP: 43/45 MP: 5/5
  2441 | D:3      | Reached skill level 6 in Unarmed Combat
  2599 | D:3      | Noticed Jessica
  2606 | D:3      | Killed Jessica
  3004 | D:4      | Noticed Duvessa
  3006 | D:4      | Noticed Dowan
  3343 | D:4      | Killed Duvessa
  3344 | D:4      | Reached skill level 1 in Evocations
  3344 | D:4      | Reached XP level 6. HP: 46/51 MP: 6/6
  3352 | D:4      | Killed Dowan
  3766 | D:4      | Found a shimmering blue altar of Sif Muna.
  3792 | D:4      | Noticed Eustachio
  3824 | D:4      | Killed Eustachio
  3825 | D:4      | Reached skill level 7 in Unarmed Combat
  3825 | D:4      | Your scales start taking on a golden yellow colour.
  3825 | D:4      | Reached XP level 7. HP: 40/60 MP: 7/7
  3825 | D:4      | Gained mutation: You are resistant to acid. (rCorr) [Yellow
                  | Draconian growth]
  3951 | D:4      | Found a staircase to the Ecumenical Temple.
  3960 | Temple   | Entered the Ecumenical Temple
  4047 | Temple   | Became a worshipper of Cheibriados the Contemplative
  4047 | Temple   | Reached * piety under Cheibriados
  4047 | Temple   | Reached ** piety under Cheibriados
  4567 | D:5      | Entered Level 5 of the Dungeon
  4656 | D:5      | Noticed Blork the orc
  4666 | D:5      | Killed Blork the orc
  4699 | D:5      | Found a radiant altar of Vehumet.
  4700 | D:5      | Found a shimmering altar of Xom.
  4702 | D:5      | Found a shadowy altar of Dithmenos.
  4705 | D:5      | Found a sacrificial altar of Ru.
  4706 | D:5      | Found an ornate altar of the Wu Jian Council.
  5319 | D:5      | Reached skill level 5 in Fighting
  5319 | D:5      | Reached skill level 1 in Invocations
  5382 | D:5      | Reached XP level 8. HP: 64/68 MP: 7/9
  5640 | D:5      | Found an ancient bone altar of Kikubaaqudgha.
  5930 | D:6      | Found a transporter.
  5931 | D:6      | Noticed a cyan ugly thing
  5934 | D:6      | Noticed PerfectTommy's ghost (novice PaBe)
  6018 | D:6      | Found a transporter.
  6064 | D:6      | Reached skill level 8 in Unarmed Combat
  6091 | D:6      | Reached *** piety under Cheibriados
  6237 | D:6      | Noticed Grinder
  6237 | D:6      | Paralysed by Grinder for 2 turns
  6250 | D:6      | Killed Grinder
  6251 | D:6      | Reached skill level 5 in Dodging
  6542 | D:6      | Found a sparkling altar of Nemelex Xobeh.
  6545 | D:6      | Found a blossoming altar of Fedhas.
  6549 | D:6      | Found a bloodstained altar of Trog.
  6664 | D:6      | Reached XP level 9. HP: 75/75 MP: 12/12
  7734 | D:7      | Reached skill level 5 in Invocations
  7901 | D:7      | Reached skill level 9 in Unarmed Combat
  8505 | D:8      | Reached **** piety under Cheibriados
  8556 | D:8      | Noticed Pikel
  9026 | D:8      | Killed Pikel
  9027 | D:8      | Reached skill level 10 in Unarmed Combat
  9220 | D:8      | Noticed a boulder beetle
  9242 | D:8      | Killed a boulder beetle
  9243 | D:8      | Reached XP level 10. HP: 50/83 MP: 9/15
  9415 | D:8      | Found a staircase to the Lair.
  9740 | D:8      | Found an iron altar of Okawaru.
 10012 | D:9      | Found a staircase to the Orcish Mines.
 10407 | D:9      | HP: 4/83 [large slime creature (25)]
 10408 | D:9      | Mangled by an orc warrior

Illustrated notes

Levels and vault maps discovered:
D:1:      dpeg_arrival_boxes_within_box, layout_basic,
          dreamdust_ecumenical_altar_statues
D:2:      layout_loops_corners, uniq_terence
D:3:      layout_rooms, uniq_jessica
D:4:      layout_loops_ring, mainiacjoe_overflow_concentric_impassable,
          minmay_temple_entry_gardened_gates, uniq_duvessa, uniq_eustachio
D:5:      layout_loops_corners, minitemple, lemuel_coloured_pillars_altar,
          uniq_blork_the_orc
D:6:      layout_basic, minmay_overflow_temple_star_quad, gammafunk_ghost_arena,
          kennysheep_small_spiral, uniq_grinder
D:7:      layout_cave_pools, skrybe_limestone_x
D:8:      layout_cave_pools, kennysheep_little_box, dpeg_oklobed_lair,
          uniq_pikel
D:9:      layout_roguey, orc_0_dummy
Temple:   eino_temple_lava

Skill      XL: |  1  2  3  4  5  6  7  8  9 10 |
---------------+-------------------------------+-----
Unarmed Combat | 4 5 6 7 8 10 | 10.8
Dodging        | 3 4 5 6 |  6.0
Evocations     | 1 2 3 |  3.0
Fighting       | 4 5 6 |  6.0
Invocations    | 1 4 7 8 |  8.4
Stealth        | |  1.7

Action                   |  1- 3 |  4- 6 |  7- 9 | 10-12 || total
-------------------------+-------+-------+-------+-------++-------
Melee: Unarmed           |    95 |   200 |   320 |    56 ||   671
       Punch             |     3 |     8 |    18 |     7 ||    36
       Tailslap          |    10 |    29 |    57 |    10 ||   106
Invok: Slouch            |       |       |     1 |       ||     1
 Abil: Breathe Acid      |       |       |     5 |       ||     5
Evoke: Wand              |       |     8 |     6 |       ||    14
  Use: Scroll            |       |     9 |     8 |       ||    17
 Stab: Sleeping          |     6 |     3 |     5 |       ||    14
Armor: Skin              |    19 |    48 |    95 |    21 ||   183
Dodge: Dodged            |    64 |   129 |   266 |    52 ||   511
